 Dungeon Crawl Stone Soup version 0.31-a0-1570-g93c622d222 (webtiles) character file.

Game seed: 720021916392780194

492 MackTheKnife the Poker (level 6, -2/50 HPs)
             Began as a Minotaur Hunter on Jan 3, 2024.
             Slain by a killer bee (3 damage)
             ... on level 4 of the Dungeon.
             The game lasted 00:03:13 (1954 turns).

MackTheKnife the Poker (Minotaur Hunter)            Turns: 1954, Time: 00:03:14

Health: -2/50      AC:  3    Str: 16    XL:     6   Next: 91%
Magic:  14/14      EV: 12    Int:  6    God:
Gold:   62         SH:  0    Dex: 15    Spells: 5/5 levels left

rFire   . . .        h - +10 trident "Weisy" {heavy, +Blink rN+ MP+9, polearm}
rCold   . . .        (no shield)
rNeg    + . .        c - +0 leather armour
rPois   .            (helmet restricted)
rElec   .            (no cloak)
rCorr   .            (no gloves)
SInv    .            (no boots)
Will    .....        d - amulet of faith {!P}
Stlth   +            (no ring)
HPRegen 0.28/turn    (no ring)
MPRegen 0.14/turn

%: faith
@: lethally poisoned (-2 -> -11), invisible
A: horns 2, retaliatory headbutt
a: Evoke Blink


You were on level 4 of the Dungeon.
You visited 1 branch of the dungeon, and saw 4 of its levels.
You also visited: Sewer.

You collected 62 gold pieces.


Innate Abilities, Weirdness & Mutations

You have a pair of horns on your head.
You reflexively headbutt those who attack you in melee.


   Skills:
 - Level 2.4 Fighting
 + Level 7.6 Polearms
 - Level 5.6 Ranged Weapons
 - Level 2.1 Dodging
 - Level 0.7 Stealth


You had 5 spell levels left.
You didn't know any spells.
Your spell library contained the following spells:

 Spells                   Type           Power      Damage    Failure   Level
 Blink                    Tloc           0%         N/A       67%         2
 Lesser Beckoning         Tloc           0%         N/A       67%         2
 Momentum Strike          Conj/Tloc      0%         3d8       67%         2
 Hailstorm                Conj/Ice       0%         3d5       88%         3
 Summon Ice Beast         Ice/Summ       0%         N/A       88%         3
 Sculpt Simulacrum        Ice/Alch       0%         N/A       100%        6

Inventory:

Hand Weapons
 a - a +0 shortbow {bow}
 h - the +10 trident "Weisy" (weapon) {heavy, +Blink rN+ MP+9, polearm}
   (You found it on level 2 of the Dungeon)

   rN+:       It protects you from negative energy.
   MP+9:      It affects your magic capacity (+9).
   +Blink:    It lets you blink.
Missiles
 l - 20 poisoned darts {throwing}
Armour
 c - a +0 leather armour (worn)
Jewellery
 d - an amulet of faith (around neck) {!P}
   (You found it on level 3 of the Dungeon)
Scrolls
 b - a scroll of butterflies
 f - a scroll of silence {unknown}
 g - a scroll of fear
 i - a scroll of teleportation {unknown}
Potions
 e - a potion of haste {unknown}
 j - 2 potions of might {unknown}
 k - 2 potions of invisibility
 m - a potion of resistance {unknown}
 n - a potion of heal wounds {unknown}
 o - 2 potions of magic {unknown}

Dungeon Overview and Level Annotations

Branches:
Dungeon (4/15) Zot: 22556   Sewer (visited)
 Temple: D:4-7

Altars:
Ashenzari
Trog

Shops:
D:4

=
.....#....#####................##
.#.......## ##.#.#..<..........
.##...##.# #...# ##.....<..y
..#...#### #..## #.........
.###....# #.## .........##
####....# #.###.........#.y
.##.....## #.............###.
.........# #.#........... .
.........## ##@##..........
##........##+##y## #.........
#.....#...#......###....
#......#...#.........##.
#.....##.###.....#..##
...#...####......##...# ####...#
........# #... #####.##....$...##
... ..'.#####........ ..


You could see a killer bee (unable to see you).


Message History

The killer bee poisons you! 😕 HP[-3]
You take 3 damage, and now have 47/50 hp.
You closely miss the killer bee.
You feel very sick.
The killer bee stings you. x2; The killer bee closely misses you.
You furiously retaliate!
You headbutt the killer bee! 😮 HP[-11]
You take 11 damage, and now have 36/50 hp.
MASSIVE DAMAGE!! (PAUSE)
You are too injured to fight recklessly!
You are too injured to fight recklessly!
You are too injured to fight recklessly!
Reach: h) +10 trident "Weisy" {heavy, +Blink rN+ MP+9, polearm}
Press: ? - help, Dir - move target, f/p - killer bee
Aim: a killer bee (heavily wounded, about 49% to evade the +10 trident "Weisy")
You closely miss the killer bee.
You feel sick. The killer bee stings you. The killer bee barely misses you.
You furiously retaliate!
You headbutt the killer bee!
You kill the killer bee! 😮 HP[-3]
You take 3 damage, and now have 33/50 hp.
Reach: h) +10 trident "Weisy" {heavy, +Blink rN+ MP+9, polearm}
Press: ? - help, Dir - move target, f - black bear
Aim: a black bear (about 24% to evade the +10 trident "Weisy")
The killer bee buzzes angrily.
You puncture the black bear! Your headbutt misses the black bear.
You feel sick.
You hear an angry buzzing noise.
The black bear bites you.
* * * LOW HITPOINT WARNING * * *
The black bear claws you but does no damage. x2
The black bear bites you.
* * * LOW HITPOINT WARNING * * *
The black bear claws you.
* * * LOW HITPOINT WARNING * * *
The black bear claws you but does no damage.
Reach: h) +10 trident "Weisy" {heavy, +Blink rN+ MP+9, polearm}
Press: ? - help, Dir - move target, f/p - black bear
Aim: a black bear (moderately wounded, about 24% to evade the +10 trident "Weisy")
You puncture the black bear!
You feel sick. The black bear barely misses you.
The black bear closely misses you.
The black bear barely misses you. 😨 HP[-16]
You take 16 damage, and now have 17/50 hp.
MASSIVE DAMAGE!! (PAUSE) Reach: h) +10 trident "Weisy" {heavy, +Blink rN+ MP+9, polearm}
Press: ? - help, Dir - move target, f/p - black bear
Aim: a black bear (severely wounded, about 24% to evade the +10 trident "Weisy")
You puncture the black bear!
You kill the black bear!
You feel sick.
You are no longer poisoned.
The killer bee barely misses you. The killer bee stings you.
* * * LOW HITPOINT WARNING * * *
You are poisoned.
The killer bee poisons you!
Your Polearms skill increases to level 7! 😨 HP[-4]
You take 4 damage, and now have 13/50 hp.
You fade into invisibility!
You feel sick.
The killer bee closely misses you. x2 😱 HP[-2]
You take 2 damage, and now have 11/50 hp.
Reach: h) +10 trident "Weisy" {heavy, +Blink rN+ MP+9, polearm}
Press: ? - help, Dir - move target, f - killer bee
Aim: a killer bee (unable to see you, about 49% to evade the +10 trident "Weisy")
You strike the helpless killer bee from behind!
You puncture the killer bee! Your headbutt misses the killer bee.
You feel very sick. The killer bee completely misses you.
You furiously retaliate!
You headbutt the killer bee!
You kill the killer bee!
The killer bee closely misses you. 😱 HP[-2]
You take 2 damage, and now have 9/50 hp.
Reach: h) +10 trident "Weisy" {heavy, +Blink rN+ MP+9, polearm}
Press: ? - help, Dir - move target, f - killer bee
Aim: a killer bee (unable to see you, about 49% to evade the +10 trident "Weisy")
You closely miss the killer bee. Your headbutt misses the killer bee.
You feel sick. The killer bee barely misses you. The killer bee stings you.
* * * LOW HITPOINT WARNING * * *
😱 HP[-3]
You take 3 damage, and now have 6/50 hp.
Reach: h) +10 trident "Weisy" {heavy, +Blink rN+ MP+9, polearm}
Press: ? - help, Dir - move target, f/p - killer bee
Aim: a killer bee (unable to see you, about 49% to evade the +10 trident "Weisy")
You barely miss the killer bee.
You feel sick. The killer bee misses you.
The killer bee stings you but does no damage.
The killer bee barely misses you. 😱 HP[-1]
You take 1 damage, and now have 5/50 hp.
Reach: h) +10 trident "Weisy" {heavy, +Blink rN+ MP+9, polearm}
Press: ? - help, Dir - move target, f/p - killer bee
Aim: a killer bee (unable to see you, about 49% to evade the +10 trident "Weisy")
You puncture the killer bee! Your headbutt misses the killer bee.
You feel sick. The killer bee closely misses you. The killer bee stings you.
* * * LOW HITPOINT WARNING * * *
You are more poisoned.
The killer bee poisons you! The killer bee stings you.
You die...

Skill      XL: |  1  2  3  4  5  6 |
---------------+-------------------+-----
Ranged Weapons | 5 |  5.6
Polearms       | 2 4 6 7 |  7.6
Fighting       | |  2.4
Dodging        | |  2.1
Stealth        | |  0.7

Action                     |  1- 3 |  4- 6 || total
---------------------------+-------+-------++-------
  Melee: Trident           |    21 |    70 ||    91
         Headbutt          |     1 |     6 ||     7
   Fire: Shortbow          |    51 |       ||    51
    Use: Scroll            |       |     4 ||     4
         Potion            |       |     1 ||     1
   Stab: Sleeping          |       |     2 ||     2
         Invisible         |       |     1 ||     1
 Armour: Leather armour    |    32 |    61 ||    93
  Dodge: Dodged            |    20 |    70 ||    90

Levels and vault maps discovered:
D:1:      matt_arrival_diagonals, layout_basic, nicolae_shop_vocational
D:2:      cheibrodos_fertilizer, layout_basic, st_stairs_14,
          serial_park_tiny_pond, chequers_serial_rivers_large_a
D:3:      layout_basic, cheibrodos_sewer_entry_bend, kennysheep_jessica_study
D:4:      layout_cave_pools, nicolae_uskayaw_en_pointe, grunt_gozag_breadcrumbs,
          trog_butcher_becter, mainiacjoe_overflow_alcove_1,
          mainiacjoe_overflow_tiny_flanked, worldfamousw_hep_ancestral_shrine,
          minmay_temple_entry_arrows, serial_shops, nicolae_take_the_stairs,
          nicolae_ossuary_entry_false_entrances, hangedman_decor_peaks_small

Notes
Turn   | Place    | Note
-------+----------+-------------------------------------------
     0 | D:1      | MackTheKnife the Minotaur Hunter began the quest for the
                  | Orb.
     0 | D:1      | Reached XP level 1. HP: 18/18 MP: 0/0
     0 | D:1      | magus.rc [v1.9.6]
   201 | D:1      | Reached XP level 2. HP: 25/25 MP: 1/1
   205 | D:1      | Reached skill level 5 in Ranged Weapons
   355 | D:2      | You pick up a book of Spatial Translocations and begin
                  | reading...
   355 | D:2      | You add the spells Blink, Momentum Strike and Lesser
                  | Beckoning to your library.
   517 | D:2      | Reached XP level 3. HP: 30/30 MP: 2/2
   574 | D:2      | Identified the +10 trident "Weisy" {heavy, +Blink rN+ MP+9}
   704 | D:2      | You pick up a book of the Tundra and begin reading...
   704 | D:2      | You add the spells Hailstorm, Summon Ice Beast and Sculpt
                  | Simulacrum to your library.
   776 | D:3      | Reached skill level 1 in Polearms
   790 | D:3      | HP: 3/30 [something/magic dart (6)]
   791 | D:3      | HP: 1/30 [something (3)]
   795 | D:3      | Reached skill level 2 in Polearms
   795 | D:3      | Reached XP level 4. HP: 2/37 MP: 3/3
  1016 | D:3      | Found a glowing drain.
  1035 | Sewer    | Entered a sewer
  1107 | Sewer    | Reached skill level 3 in Polearms
  1112 | Sewer    | Noticed a kobold brigand
  1119 | Sewer    | Killed a kobold brigand
  1120 | Sewer    | Reached skill level 4 in Polearms
  1120 | Sewer    | Reached XP level 5. HP: 12/42 MP: 4/4
  1120 | Sewer    | HP: 9/42 [kobold/+0 short sword (3)]
  1288 | Sewer    | Reached skill level 5 in Polearms
  1727 | D:4      | Reached skill level 6 in Polearms
  1727 | D:4      | Reached XP level 6. HP: 43/50 MP: 5/5
  1760 | D:4      | Found a broken altar of Ashenzari.
  1787 | D:4      | Found Goekad's Jewellery Emporium.
  1880 | D:4      | Found a bloodstained altar of Trog.
  1950 | D:4      | Reached skill level 7 in Polearms
  1950 | D:4      | HP: 11/50 [poisoned by a killer bee]
  1953 | D:4      | HP: 5/50 [poisoned by a killer bee]
  1954 | D:4      | HP: 1/50 [killer bee (3)]
  1954 | D:4      | Slain by a killer bee

Vanquished Creatures
  A black bear (D:4)
  2 kobold brigands (Sewer)
  3 killer bees (D:4)
  An orc wizard (D:3)
  3 adders
  A ribbon worm (D:3)
  4 orcs
  8 ball pythons
  3 endoplasms
  2 giant cockroaches
  A goblin (D:2)
  12 hobgoblins
  6 frilled lizards
  18 kobolds
  9 rats
74 creatures vanquished.

Table legend:
 A = Non-vault XP
 B = Vault XP
 C = Vault XP percentage of total XP
 D = Non-vault monster count
 E = Vault monster count
 F = Vault count percentage of total count
                 A         B        C        D         E       F
            +---------+---------+-------+---------+---------+-------
      Total |     431 |     273 |  38.8 |      41 |      33 |  44.6
            +---------+---------+-------+---------+---------+-------
        D:1 |      17 |       0 |   0.0 |      10 |       0 |   0.0
        D:2 |      30 |      19 |  38.8 |      12 |       5 |  29.4
        D:3 |      60 |       4 |   6.2 |      13 |       1 |   7.1
        D:4 |     324 |       6 |   1.8 |       6 |       4 |  40.0
      Sewer |       0 |     244 | 100.0 |       0 |      23 | 100.0
            +---------+---------+-------+---------+---------+-------

Skill      XL: |  1  2  3  4  5  6 |
---------------+-------------------+-----
Ranged Weapons | 5 |  5.6
Polearms       | 2 4 6 7 |  7.6
Fighting       | |  2.4
Dodging        | |  2.1
Stealth        | |  0.7

Action                     |  1- 3 |  4- 6 || total
---------------------------+-------+-------++-------
  Melee: Trident           |    21 |    70 ||    91
         Headbutt          |     1 |     6 ||     7
   Fire: Shortbow          |    51 |       ||    51
    Use: Scroll            |       |     4 ||     4
         Potion            |       |     1 ||     1
   Stab: Sleeping          |       |     2 ||     2
         Invisible         |       |     1 ||     1
 Armour: Leather armour    |    32 |    61 ||    93
  Dodge: Dodged            |    20 |    70 ||    90

Illustrated notes

Table legend:
 A = Kills in this place as a percentage of kills in the entire game.
 B = Kills by you in this place as a percentage of kills by you in the entire game.
 C = Kills by friends in this place as a percentage of kills by friends in the entire game.
 D = Other kills in this place as a percentage of other kills in the entire game.
 E = Experience gained in this place as a percentage of experience gained in the entire game.
 F = Experience gained in this place divided by the number of levels of this place that you have seen.
                   A       B       C       D       E      F
               +-------+-------+-------+-------+-------+----------------------
         Total | 100.0 | 100.0 |   N/A |   N/A | 100.0 | 140.8
       Dungeon |  68.9 |  68.9 |   N/A |   N/A |  65.3 | 115.0
         Sewer |  31.1 |  31.1 |   N/A |   N/A |  34.7 | 244.0
               +-------+-------+-------+-------+-------+----------------------

Table legend: (Time is in decaauts)
 A = Elapsed time spent in this place.
 B = Non-inter-level travel time spent in this place.
 C = Inter-level travel time spent in this place.
 D = Time resting spent in this place.
 E = Time spent auto-exploring this place.
 F = Levels seen in this place.
 G = Mean time per level.
                   A        B        C        D        E       F      G
               +--------+--------+--------+--------+--------+-----+--------+
         Total |   2046 |   1879 |    167 |    387 |    928 |   5 |  409.2 |
       Dungeon |   1441 |   1274 |    167 |     74 |    771 |   4 |  360.2 |
         Sewer |    605 |    605 |      0 |    313 |    157 |   1 |  605.0 |
               +--------+--------+--------+--------+--------+-----+--------+

Top non-repeatable levels by time:
   Sewer: 605 daAuts
     D:3: 475 daAuts
     D:2: 420 daAuts
     D:1: 338 daAuts
     D:4: 207 daAuts
